TOP OF THE 1ST |
Amarillo Warheads batting - Pitching for Athletic Club KC U-21 : RHP Jamie Miller
|
Pitching: RHP Jamie Miller
|
|
Batting: RHB Danny Fox
|
0-0: Called Strike 0-1: Ball 1-1: Bunt missed! 1-2: Strikes out swinging
|
Batting: RHB Armando González
|
0-0: Ball 1-0: Swinging Strike 1-1: Called Strike 1-2: Ball 2-2: Fly out, F8 (Flyball, 8RS, EV 89.4 MPH)
|
Batting: RHB Kauto Jarvi
|
0-0: Called Strike 0-1: Swinging Strike 0-2: Ball 1-2: Foul Ball, location: 2F 1-2: Ball 2-2: Ball 3-2: Strikes out swinging
|
Top of the 1st over - 0 runs, 0 hits, 0 errors, 0 left on base; Amarillo 0 - Athletic Club KC 0 |
BOTTOM OF THE 1ST |
Athletic Club KC U-21 batting - Pitching for Amarillo Warheads : RHP Denzel Halford
|
Pitching: RHP Denzel Halford
|
|
Batting: RHB Carlos Espax
|
0-0: Fly out, F7 (Flyball, 7S, EV 73.1 MPH)
|
Batting: RHB Vasan Parthiban
|
0-0: Ball 1-0: Foul Ball, location: 2F 1-1: Ball 2-1: Ball 3-1: Foul Ball, location: 2F 3-2: SOLO HOME RUN (Flyball, 78XD, EV 105.6 MPH), Distance : 414 ft
|
Batting: LHB John Ward
|
0-0: Foul Ball, location: 2F 0-1: Called Strike 0-2: Foul Ball, location: 2F 0-2: Ball 1-2: Ball 2-2: Ball 3-2: DOUBLE (Line Drive, 8RD, EV 107.5 MPH)
|
Batting: RHB Johan Møller
|
0-0: Ball 1-0: DOUBLE (Line Drive, 9LM, EV 110.6 MPH) John Ward scores
|
Batting: RHB Levka Efremov
|
0-0: Ball 1-0: Called Strike 1-1: Ball 2-1: Swinging Strike 2-2: Ball 3-2: Foul Ball, location: 2F 3-2: Base on Balls
|
Batting: LHB Étienne Jobe
|
0-0: Called Strike 0-1: Ball 1-1: Called Strike 1-2: Strikes out looking
|
Batting: RHB Tony Rivera
|
0-0: Foul Ball, location: 2F 0-1: Foul Ball, location: 2F 0-2: Strikes out swinging
|
Bottom of the 1st over - 2 runs, 3 hits, 0 errors, 2 left on base; Amarillo 0 - Athletic Club KC 2 |
TOP OF THE 2ND |
Amarillo Warheads batting - Pitching for Athletic Club KC U-21 : RHP Jamie Miller
|
Batting: LHB Gene Haber
|
0-0: Foul Ball, location: 2F 0-1: Ball 1-1: Foul Ball, location: 2F 1-2: Fly out, F8 (Flyball, 8RS, EV 90.0 MPH)
|
Batting: LHB Carlos Fuentes
|
0-0: Ball 1-0: SINGLE (Flyball, 9LS, EV 86.2 MPH)
|
Batting: RHB José Serrano
|
0-0: Swinging Strike 0-1: Fly out, F8 (Line Drive, 8LD, EV 91.2 MPH)
|
Batting: RHB Jeff Russell
|
0-0: Ball 1-0: Swinging Strike 1-1: Foul Ball, location: 2F 1-2: Ball 2-2: Foul Ball, location: 2F 2-2: Strikes out swinging
|
Top of the 2nd over - 0 runs, 1 hit, 0 errors, 1 left on base; Amarillo 0 - Athletic Club KC 2 |
BOTTOM OF THE 2ND |
Athletic Club KC U-21 batting - Pitching for Amarillo Warheads : RHP Denzel Halford
|
Batting: LHB Vladsislas Lyushkov
|
0-0: Called Strike 0-1: Foul Ball, location: 2F 0-2: Fly out, F7 (Flyball, 78M, EV 81.2 MPH)
|
Batting: LHB Liann-wei Wan
|
0-0: Called Strike 0-1: Called Strike 0-2: Fly out, F9 (Line Drive, 9, EV 104.4 MPH)
|
Batting: RHB Carlos Espax
|
0-0: DOUBLE (Line Drive, 9LM, EV 109.4 MPH)
|
Batting: RHB Vasan Parthiban
|
0-0: Ground out 4-3 (Groundball, 34D, EV 79.4 MPH)
|
Bottom of the 2nd over - 0 runs, 1 hit, 0 errors, 1 left on base; Amarillo 0 - Athletic Club KC 2 |
TOP OF THE 3RD |
Amarillo Warheads batting - Pitching for Athletic Club KC U-21 : RHP Jamie Miller
|
Batting: RHB John Long
|
0-0: Ground out 5-3 (Groundball, 56, EV 82.5 MPH)
|
Batting: RHB António Espinoza
|
0-0: Ball 1-0: Foul Ball, location: 2F 1-1: Ball 2-1: Ball 3-1: Fly out, F7 (Flyball, 78XD, EV 102.5 MPH)
|
Batting: RHB Danny Fox
|
0-0: Ball 1-0: Ball 2-0: Foul Ball, location: 2F 2-1: Fly out, F7 (Flyball, 7S, EV 91.2 MPH)
|
Top of the 3rd over - 0 runs, 0 hits, 0 errors, 0 left on base; Amarillo 0 - Athletic Club KC 2 |
BOTTOM OF THE 3RD |
Athletic Club KC U-21 batting - Pitching for Amarillo Warheads : RHP Denzel Halford
|
Batting: LHB John Ward
|
0-0: Ball 1-0: Fly out, F6 (Line Drive, 6, EV 74.4 MPH)
|
Batting: RHB Johan Møller
|
0-0: Ball 1-0: Ball 2-0: Ground out 5-3 (Groundball, 56S, EV 65.0 MPH)
|
Batting: RHB Levka Efremov
|
0-0: Ball 1-0: Foul Ball, location: 2F 1-1: DOUBLE (Groundball, 5L, EV 101.9 MPH)
|
Batting: LHB Étienne Jobe
|
0-0: Foul Ball, location: 2F 0-1: Foul Ball, location: 2F 0-2: Ground out U3 (Groundball, 3S, EV 77.5 MPH)
|
Bottom of the 3rd over - 0 runs, 1 hit, 0 errors, 1 left on base; Amarillo 0 - Athletic Club KC 2 |
TOP OF THE 4TH |
Amarillo Warheads batting - Pitching for Athletic Club KC U-21 : RHP Jamie Miller
|
Batting: RHB Armando González
|
0-0: Ball 1-0: Called Strike 1-1: Foul Ball, location: 2F 1-2: Foul Ball, location: 2F 1-2: Ball 2-2: Fly out, F8 (Line Drive, 8RM, EV 89.4 MPH)
|
Batting: RHB Kauto Jarvi
|
0-0: Ball 1-0: Ball 2-0: Called Strike 2-1: Swinging Strike 2-2: Strikes out swinging
|
Batting: LHB Gene Haber
|
0-0: Ball 1-0: Foul Ball, location: 2F 1-1: Fly out, F4 (Popup, 4, EV 63.1 MPH)
|
Top of the 4th over - 0 runs, 0 hits, 0 errors, 0 left on base; Amarillo 0 - Athletic Club KC 2 |
BOTTOM OF THE 4TH |
Athletic Club KC U-21 batting - Pitching for Amarillo Warheads : RHP Denzel Halford
|
Batting: RHB Tony Rivera
|
0-0: Foul Ball, location: 2F 0-1: Ball 1-1: Ball 2-1: Ball 3-1: Foul Ball, location: 2F 3-2: Foul Ball, location: 2F 3-2: Base on Balls
|
Batting: LHB Vladsislas Lyushkov
|
0-0: Ball 1-0: Foul Ball, location: 2F 1-1: Swinging Strike 1-2: Foul Ball, location: 2F 1-2: Ball 2-2: Strikes out swinging Tony Rivera steals 2nd base Batter strikes out.
|
Batting: LHB Liann-wei Wan
|
0-0: Called Strike 0-1: Called Strike 0-2: Fly out, F8 (Flyball, 8LD, EV 79.4 MPH)
|
Batting: RHB Carlos Espax
|
0-0: Ball 1-0: Ball Wild Pitch! Tony Rivera to third 2-0: Foul Ball, location: 2F 2-1: Called Strike 2-2: Ground out 6-3 (Groundball, 6M, EV 88.8 MPH)
|
Bottom of the 4th over - 0 runs, 0 hits, 0 errors, 1 left on base; Amarillo 0 - Athletic Club KC 2 |
TOP OF THE 5TH |
Amarillo Warheads batting - Pitching for Athletic Club KC U-21 : RHP Jamie Miller
|
Batting: LHB Carlos Fuentes
|
0-0: Ground out 4-3 (Groundball, 4, EV 76.9 MPH)
|
Batting: RHB José Serrano
|
0-0: SINGLE (Groundball, 4MD, EV 110.0 MPH)
|
Batting: RHB Jeff Russell
|
0-0: Ball 1-0: Called Strike 1-1: Ball Wild Pitch! José Serrano to second 2-1: Foul Ball, location: 2F 2-2: Ball 3-2: Foul Ball, location: 2F 3-2: Strikes out swinging
|
Batting: RHB John Long
|
0-0: Ball 1-0: Foul Ball, location: 2F 1-1: Ball 2-1: SINGLE (Groundball, 56D, EV 108.8 MPH) José Serrano to third Runner from 3rd tries for Home, SAFE, throw by LF to home John Long to second
|
Batting: RHB António Espinoza
|
0-0: Fly out, F4 (Popup, 34, EV 54.4 MPH)
|
Top of the 5th over - 1 run, 2 hits, 0 errors, 1 left on base; Amarillo 1 - Athletic Club KC 2 |
BOTTOM OF THE 5TH |
Athletic Club KC U-21 batting - Pitching for Amarillo Warheads : RHP Denzel Halford
|
Pitching: RHP Markus McCandles
|
|
Batting: RHB Vasan Parthiban
|
0-0: SOLO HOME RUN (Flyball, 7D, EV 98.1 MPH), Distance : 376 ft
|
Batting: LHB John Ward
|
0-0: Ball 1-0: Swinging Strike 1-1: Ground out U3 (Groundball, 34S, EV 88.1 MPH)
|
Batting: RHB Johan Møller
|
0-0: Ball 1-0: Called Strike 1-1: Foul Ball, location: 2F 1-2: Ball 2-2: Strikes out swinging
|
Batting: RHB Levka Efremov
|
0-0: Called Strike 0-1: Swinging Strike 0-2: Ball 1-2: Foul Ball, location: 2F 1-2: Foul Ball, location: 2F 1-2: Foul Ball, location: 2F 1-2: Strikes out swinging
|
Bottom of the 5th over - 1 run, 1 hit, 0 errors, 0 left on base; Amarillo 1 - Athletic Club KC 3 |
TOP OF THE 6TH |
Amarillo Warheads batting - Pitching for Athletic Club KC U-21 : RHP Jamie Miller
|
Batting: RHB Danny Fox
|
0-0: Ball 1-0: Called Strike 1-1: Ball 2-1: Called Strike 2-2: Ball 3-2: Base on Balls
|
Batting: RHB Armando González
|
0-0: Ball 1-0: Foul Ball, location: 2F 1-1: Bunt missed! 1-2: Foul Ball, location: 2F 1-2: Ground out 6-3 (Groundball, 6S, EV 77.5 MPH) Danny Fox to second
|
Batting: RHB Kauto Jarvi
|
0-0: Ball 1-0: Ground out 1-3 (Groundball, 34S, EV 65.6 MPH) Danny Fox to third
|
Pitching: RHP Raúl Gómez
|
|
Batting: LHB Gene Haber
|
0-0: Ball 1-0: Ball 2-0: Called Strike 2-1: Foul Ball, location: 2F 2-2: Ball 3-2: Fly out, F8 (Flyball, 8RD, EV 90.6 MPH)
|
Top of the 6th over - 0 runs, 0 hits, 0 errors, 1 left on base; Amarillo 1 - Athletic Club KC 3 |
BOTTOM OF THE 6TH |
Athletic Club KC U-21 batting - Pitching for Amarillo Warheads : RHP Markus McCandles
|
Batting: LHB Étienne Jobe
|
0-0: Ball 1-0: Foul Ball, location: 2F 1-1: Swinging Strike 1-2: Fly out, F6 (Popup, 6MS, EV 61.9 MPH)
|
Batting: RHB Tony Rivera
|
0-0: Ball 1-0: Ground out 6-3 (Groundball, 6, EV 101.9 MPH)
|
Batting: LHB Vladsislas Lyushkov
|
0-0: Called Strike 0-1: Ball 1-1: SINGLE (Groundball, 4MD, EV 103.1 MPH)
|
Batting: LHB Liann-wei Wan
|
0-0: Ball 1-0: SINGLE (Flyball, 6D, EV 86.2 MPH) Vladsislas Lyushkov to second
|
Batting: RHB Carlos Espax
|
0-0: Ball 1-0: Ball 2-0: Ball 3-0: Fielders Choice at 2nd, 5-4 (Groundball, 5, EV 86.9 MPH)
|
Bottom of the 6th over - 0 runs, 2 hits, 0 errors, 2 left on base; Amarillo 1 - Athletic Club KC 3 |
TOP OF THE 7TH |
Amarillo Warheads batting - Pitching for Athletic Club KC U-21 : RHP Raúl Gómez
|
Batting: LHB Carlos Fuentes
|
0-0: Called Strike 0-1: SINGLE (Groundball, P, EV 80.0 MPH) (infield hit)
|
Batting: RHB José Serrano
|
0-0: Foul Ball, location: 2F 0-1: Grounds into double play, 3-6-3 (Groundball, 3, EV 81.9 MPH)
|
Batting: RHB Mark Hart
|
0-0: Foul Ball, location: 2F 0-1: Ground out 5-3 (Groundball, 5L, EV 105.6 MPH)
|
Top of the 7th over - 0 runs, 1 hit, 0 errors, 0 left on base; Amarillo 1 - Athletic Club KC 3 |
BOTTOM OF THE 7TH |
Athletic Club KC U-21 batting - Pitching for Amarillo Warheads : RHP Markus McCandles
|
Batting: RHB Vasan Parthiban
|
0-0: Ball 1-0: Called Strike 1-1: Swinging Strike 1-2: Strikes out looking
|
Batting: LHB John Ward
|
0-0: Ball 1-0: Foul Ball, location: 2F 1-1: Ball 2-1: Foul Ball, location: 2F 2-2: Foul Ball, location: 2F 2-2: Strikes out looking
|
Batting: RHB Johan Møller
|
0-0: Ball 1-0: SINGLE (Flyball, 89S, EV 94.4 MPH)
|
Batting: RHB Levka Efremov
|
0-0: Ball 1-0: Called Strike 1-1: Ball 2-1: Called Strike 2-2: Fly out, F8 (Flyball, 8LM, EV 95.0 MPH)
|
Bottom of the 7th over - 0 runs, 1 hit, 0 errors, 1 left on base; Amarillo 1 - Athletic Club KC 3 |
TOP OF THE 8TH |
Amarillo Warheads batting - Pitching for Athletic Club KC U-21 : RHP Raúl Gómez
|
Pitching: LHP Sidney Kuijkhoven
|
|
Batting: RHB John Long
|
0-0: Called Strike 0-1: Ball 1-1: Fly out, F9 (Flyball, 89S, EV 78.1 MPH)
|
Batting: RHB António Espinoza
|
0-0: Ball 1-0: Called Strike 1-1: Foul Ball, location: 2F 1-2: Strikes out looking
|
Batting: RHB Danny Fox
|
0-0: Ball 1-0: Ball 2-0: SINGLE (Groundball, 4, EV 98.1 MPH)
|
Batting: RHB Armando González
|
0-0: Called Strike 0-1: Called Strike 0-2: Ball 1-2: Strikes out looking
|
Top of the 8th over - 0 runs, 1 hit, 0 errors, 1 left on base; Amarillo 1 - Athletic Club KC 3 |
BOTTOM OF THE 8TH |
Athletic Club KC U-21 batting - Pitching for Amarillo Warheads : RHP Markus McCandles
|
Batting: LHB Étienne Jobe
|
0-0: Foul Ball, location: 2F 0-1: Ball 1-1: Ball 2-1: Called Strike 2-2: Fly out, F8 (Line Drive, 8RD, EV 88.1 MPH)
|
Batting: RHB Tony Rivera
|
0-0: Called Strike 0-1: Ball 1-1: Fly out, F7 (Flyball, 7LM, EV 84.4 MPH)
|
Batting: LHB Vladsislas Lyushkov
|
0-0: Fly out, F6 (Popup, 6, EV 63.1 MPH)
|
Bottom of the 8th over - 0 runs, 0 hits, 0 errors, 0 left on base; Amarillo 1 - Athletic Club KC 3 |
TOP OF THE 9TH |
Amarillo Warheads batting - Pitching for Athletic Club KC U-21 : LHP Sidney Kuijkhoven
|
Batting: RHB Kauto Jarvi
|
0-0: Foul Ball, location: 2F 0-1: Ground out 6-3 (Groundball, 6M, EV 91.2 MPH)
|
Batting: LHB Gene Haber
|
0-0: Called Strike 0-1: Foul Ball, location: 2F 0-2: Foul Ball, location: 2F 0-2: Foul Ball, location: 2F 0-2: Foul Ball, location: 2F 0-2: Ball 1-2: Ball 2-2: Foul Ball, location: 2F 2-2: Ground out 6-3 (Groundball, 6D, EV 104.4 MPH)
|
Pinch Hitting: RHB Yok-sing Hsu
|
0-0: Called Strike 0-1: Foul Ball, location: 2F 0-2: Strikes out swinging
|
Top of the 9th over - 0 runs, 0 hits, 0 errors, 0 left on base; Amarillo 1 - Athletic Club KC 3 |
|